 Dungeon Crawl Stone Soup version 0.26-a0-190-g75a3d40d47 (console) character file.

Game seed: 15487170544757263781

25 bli the Skirmisher (level 3, -2/30 HPs)
             Began as a Formicid Abyssal Knight on July 4, 2020.
             Was a Follower of Lugonu.
             Slain by an adder (5 damage)
             ... on level 2 of the Dungeon.
             The game lasted 00:03:19 (1361 turns).

bli the Skirmisher (Formicid Abyssal Knight)        Turns: 1361, Time: 00:03:19

Health: -2/30      AC:  3    Str: 16    XL:     3   Next: 20%
Magic:  4/4        EV: 11    Int: 11    God:    Lugonu [*.....]
Gold:   36         SH:  4    Dex: 11    Spells: 2/2 levels left

rFire    . . .     SeeInvis +   a - +1 falchion
rCold    + . .     Faith    .   (no shield)
rNeg     . . .     Spirit   .   b - +0 leather armour
rPois    .         Reflect  .   (helmet unavailable)
rElec    .         Harm     .   (no cloak)
rCorr    .         Clarity  +   (no gloves)
MR       .....                  (no boots)
Stlth    +.........             (no amulet)
HPRegen  0.10/turn              (no ring)
MPRegen  0.09/turn              (no ring)

@: lethally poisoned (-2 -> -15)
A: permanent stasis, dig shafts and tunnels, four strong arms, antennae 3, large
bone plates 1, clarity, cold resistance 1
a: Dig, Shaft Self, Depart the Abyss, Renounce Religion


You were on level 2 of the Dungeon.
You worshipped Lugonu.
Lugonu was aware of your devotion.
You were hungry.

You visited 1 branch of the dungeon, and saw 2 of its levels.
You visited the Abyss 1 time.

You collected 36 gold pieces.

Inventory:

Hand Weapons
 a - a +1 falchion (weapon)
Missiles
 l - 4 javelins (quivered)
Armour
 b - a +0 leather armour (worn)
Scrolls
 d - a scroll of fog {unknown}
 e - a scroll of identify {unknown}
 g - a scroll of magic mapping {unknown}
 k - a scroll of enchant weapon {unknown}
Potions
 j - a potion of curing {unknown}
Comestibles
 c - 2 rations
 f - a chunk of flesh


   Skills:
 + Level 4.2 Fighting
 + Level 2.2 Long Blades
 + Level 2.3 Armour
 * Level 0.8 Dodging
 + Level 0.3 Stealth
 + Level 2.2 Invocations


You had 2 spell levels left.
You didn't know any spells.
Your spell library was empty.

Dungeon Overview and Level Annotations

Branches:
Dungeon (2/15)

Altars:


Innate Abilities, Weirdness & Mutations

You cannot be hasted, slowed, berserked, paralysed or teleported.
You can dig through walls and to a lower floor.
Your four strong arms can wield two-handed weapons with a shield.
You have a pair of large antennae on your head. (SInv)
You are partially covered in large bone plates. (SH +4)
You possess an exceptional clarity of mind.
Your flesh is cold resistant. (rC+)


Message History

The adder is heavily wounded.
* * * LOW HITPOINT WARNING * * *
You feel sick. The adder bites you.
* * * LOW HITPOINT WARNING * * *
You are more poisoned.
The adder poisons you! The adder closely misses you.
You riposte.
You closely miss the adder.
The adder is heavily wounded.
You miss the adder.
The adder is heavily wounded.
* * * LOW HITPOINT WARNING * * *
You feel sick. The adder closely misses you.
It was a potion of mutation.
You feel extremely strange.
Large bone plates grow over parts of your arms.
You feel resistant to cold.
Your thoughts seem clearer.
* * * LOW HITPOINT WARNING * * *
You feel sick. You block the adder's attack. The adder completely misses you.
It was a potion of cancellation.
You feel magically purged.
* * * LOW HITPOINT WARNING * * *
You feel sick. The adder bites you.
You die...

#.# ## #)#
.#######
#.###
...)...#
##...##
######.#
##.###.##
#.# ##.##
##.##
#.###.##
##.# #.....#
#.#
##########.#
##.# ..<..#
##.# ##.##
####.#
#.###@## #
#..S## #.†##
#.†#
#...[...#
#....)...#
#######=.#
.# {


You could see an adder.

Vanquished Creatures
  5 hobgoblins
  3 jackals (D:1)
  A kobold (D:1)
  3 bats (D:1)
  5 goblins
  8 rats
25 creatures vanquished.

Notes
Turn   | Place    | Note
-------+----------+-------------------------------------------
     0 | Abyss:1  | bli the Formicid Abyssal Knight began the quest for the
                  | Orb.
     0 | Abyss:1  | Reached XP level 1. HP: 18/18 MP: 2/2
    85 | Abyss:1  | Noticed a ynoxinul
   112 | Abyss:1  | Noticed an ancient zyme
   119 | D:1      | Escaped the Abyss
   290 | D:1      | Reached XP level 2. HP: 16/25 MP: 3/3
   583 | D:1      | Reached skill level 4 in Fighting
   881 | D:1      | Reached * piety under Lugonu
   932 | D:1      | Reached XP level 3. HP: 30/30 MP: 4/4
  1360 | D:2      | Gained mutation: You are partially covered in large bone
                  | plates. (SH +4) [potion of mutation]
  1360 | D:2      | Gained mutation: Your flesh is cold resistant. (rC+)
                  | [potion of mutation]
  1360 | D:2      | Gained mutation: You possess an exceptional clarity of
                  | mind. [potion of mutation]
  1361 | D:2      | Slain by an adder

Illustrated notes

Levels and vault maps discovered:
D:1:      wander_arrival_lonely_grave, layout_basic
D:2:      layout_loops_ring, minmay_heptomino_w4

Skill      XL: |  1  2 |
---------------+-------+-----
Fighting       | 4 |  4.2
Long Blades    | |  2.2
Armour         | |  2.3
Dodging        | |  0.8
Stealth        | |  0.3
Invocations    | |  2.2

Action                   || total
-------------------------++-------
Melee: Falchion          ||    81
Invok: Depart the Abyss  ||     1
 Abil: Dig               ||     1
  Use: Potion            ||     2
  Eat: Chunk             ||     1
Armor: Leather armour    ||    30
Dodge: Dodged            ||    45
Block: Other             ||     1
       Rpst.: Falchion   ||    15

Table legend:
 A = Non-vault XP
 B = Vault XP
 C = Vault XP percentage of total XP
 D = Non-vault monster count
 E = Vault monster count
 F = Vault count percentage of total count
                 A         B        C        D         E       F
            +---------+---------+-------+---------+---------+-------
      Total |      37 |       0 |   0.0 |      25 |       0 |   0.0
            +---------+---------+-------+---------+---------+-------
        D:1 |      31 |       0 |   0.0 |      20 |       0 |   0.0
        D:2 |       6 |       0 |   0.0 |       5 |       0 |   0.0
            +---------+---------+-------+---------+---------+-------
